 Dungeon Crawl Stone Soup version 0.29-a0-234-g0dae59b3db (webtiles) character file.

Game seed: 8184809314875814574

504 fragbeetle the Conjurer (level 7, -6/76 HPs)
             Began as a Gnoll Conjurer on Mar 2, 2022.
             Engulfed by a steam dragon's steam (9 damage)
             ... on level 4 of the Dungeon.
             The game lasted 00:08:50 (4741 turns).

fragbeetle the Conjurer (Gnoll Conjurer)            Turns: 4741, Time: 00:08:51

Health: -6/76      AC: 23    Str: 14    XL:     7   Next: 17%
Magic:  15/15      EV:  2    Int: 18    God:
Gold:   194        SH:  5    Dex: 10    Spells: 4/17 levels left

rFire   . . .      SeeInvis +   w - +3 trident
rCold   . . .      Faith    .   (no shield)
rNeg    . . .      Spirit   .   (body armour currently unavailable)
rPois   +          Reflect  +   (helmet currently unavailable)
rElec   .          Harm     .   (cloak currently unavailable)
rCorr   .          Rampage  .   (gloves currently unavailable)
Will    .....      NoTele   +   (boots currently unavailable)
Stlth   +++.......              j - amulet of reflection
HPRegen 0.22/turn               A - ring of see invisible
MPRegen 0.14/turn               i - +6 ring of strength

@: tree-form, attractive
A: stationary, stasis, torment immunity, boosted hp, (fangs 1), strong nose,
distributed training
a: no special abilities


You were on level 4 of the Dungeon.
You were a tree.
You visited 1 branch of the dungeon, and saw 4 of its levels.

You collected 194 gold pieces.

Inventory:

Hand Weapons
 w - a +3 trident (weapon)
Missiles
 d - 9 atropa-tipped darts
 s - 6 boomerangs
 t - 4 poisoned darts
Armour
 g - a +0 helmet (melded)
 h - a +0 leather armour
 x - a +0 pair of gloves (melded)
 D - +0 acid dragon scales (melded)
Jewellery
 b - a ring of positive energy
 i - a +6 ring of strength (right branch)
 j - an amulet of reflection (around neck)
 A - a ring of see invisible (left branch)
Scrolls
 c - a scroll of immolation {unknown}
 f - a scroll of amnesia {unknown}
 l - a scroll of summoning {unknown}
 o - a scroll of vulnerability {unknown}
 q - 4 scrolls of identify {unknown}
 r - a scroll of enchant armour {unknown}
 y - a scroll of acquirement {unknown}
 C - a scroll of fear {unknown}
Potions
 e - a potion of heal wounds {unknown}
 k - a potion of invisibility {unknown}
 m - a potion of mutation {unknown}
 n - a potion of haste {unknown}
 p - 2 potions of lignification
 u - a potion of magic
 v - a potion of curing {unknown}
 z - a potion of berserk rage {unknown}
 B - a potion of flight {unknown}


   Skills:
 + Level 2.3 Fighting
 + Level 2.3 Short Blades
 + Level 2.3 Long Blades
 + Level 2.3 Axes
 + Level 2.3 Maces & Flails
 + Level 2.3 Polearms
 + Level 2.3 Staves
 + Level 2.3 Slings
 + Level 2.3 Bows
 + Level 2.3 Crossbows
 + Level 2.3 Throwing
 + Level 2.3 Armour
 + Level 5.1 Dodging
 + Level 4.8 Stealth
 + Level 2.3 Shields
 + Level 2.3 Unarmed Combat
 + Level 5.5 Spellcasting
 + Level 7.4 Conjurations
 + Level 1.9 Hexes
 + Level 1.9 Summonings
 + Level 1.9 Necromancy
 + Level 1.9 Translocations
 + Level 1.9 Transmutations
 + Level 1.9 Fire Magic
 + Level 1.9 Ice Magic
 + Level 1.9 Air Magic
 + Level 1.9 Earth Magic
 + Level 1.9 Poison Magic
 + Level 2.5 Invocations
 + Level 2.3 Evocations


You had 4 spell levels left.
You knew the following spells:

 Your Spells              Type           Power      Damage    Failure   Level
a - Magic Dart            Conj           100%       1d8       1%          1
b - Searing Ray           Conj           62%        2d6       1%          2
c - Fulminant Prism       Conj/Hex       10%        3d9       19%         4
d - Mephitic Cloud        Conj/Pois/Air  18%        N/A       9%          3
e - Ignite Poison         Fire/Tmut/Pois 11%        N/A       17%         3

Your spell library contained the following spells:

 Spells                   Type           Power      Damage    Failure   Level
 Dazzling Flash           Conj/Hex       42%        N/A       5%          3
 Pain                     Necr           44%        1d6       6%          1
 Iskenderun's Mystic Bla  Conj/Tloc      21%        2d6       19%         4
 Freezing Cloud           Conj/Ice/Air   9%         6-21      58%         5
 Agony                    Necr           11%        N/A       85%         5
 Excruciating Wounds      Necr           5%         N/A       85%         5


Dungeon Overview and Level Annotations

Branches:
Dungeon (4/15)
 Temple: D:4-7

Altars:

Shops:
D:4 (

Annotations:
D:4 Pikel


Innate Abilities, Weirdness & Mutations

You are a tree.
Your roots penetrate the ground, keeping you stationary.
You cannot be teleported.
You are immune to unholy pain and torment.
Your maximum health is greatly increased.
Your equipment is partially melded.
((You have very sharp teeth.))
Your uncanny sense of smell can sniff out nearby items.
Your experience applies equally to all skills.


Message History

The searing ray hits the steam dragon.
The steam dragon is moderately wounded.
You finish channelling your searing ray.
You are engulfed in a cloud of scalding steam.
The steam dragon breathes steam at you. The ball of steam hits you!
* * * LOW HITPOINT WARNING * * *
It was a potion of lignification.
You turn into a tree.
Your +0 helmet melds into your body.
Your +0 pair of gloves melds into your body.
Your +0 acid dragon scales melds into your body.
Your roots penetrate the ground.
The steam dragon bites you but does no damage.
The steam dragon claws you but does no damage.
You are too injured to fight recklessly!
You are too injured to fight recklessly!
You are too injured to fight recklessly!
You are too injured to fight recklessly!
You hit the steam dragon but do no damage.
The steam dragon is moderately wounded.
The steam dragon breathes steam at you. The ball of steam hits you.
* * * LOW HITPOINT WARNING * * *
The steam dragon bites you but does no damage.
You block the steam dragon's attack.
You hit the steam dragon but do no damage.
The steam dragon is moderately wounded.
You are engulfed in a cloud of scalding steam.
The steam dragon breathes steam at you. The ball of steam hits you!
* * * LOW HITPOINT WARNING * * *
Unknown command.
It was a potion of magic.
Magic courses through your body.
You are engulfed in a cloud of scalding steam.
You block the steam dragon's attack.
The steam dragon claws you but does no damage.
It was a potion of attraction.
You feel attractive to monsters.
You are engulfed in a cloud of scalding steam.
You die...

># #)...##.##.........#[..... .#
#....##............##..... .###
#.....####................ ...#
#.....# #..#............. ##.#
####<.####.##....#....#... ##.#
#.>.##.....## #......#. ##.##
##......##.####.#...##. ....#
###.....§...#....###..#. ...)##
###......♣......## #....
...)<##........D..###.## #....
...#)......##..)..# #.## ##.#.
...................##..## ##...
..##########.....#..##..#####..#.
..# #.....##...#.##....### ..#
#....#####÷#.##....... .##
##.......#>#........## ##
............5....##


You could see a steam dragon (catching breath).

Vanquished Creatures
  An acid dragon (D:4)
  A black bear (D:4)
  A centaur (D:4)
  4 lemures
  A jelly (D:4)
  2 iguanas (D:4)
  An orc wizard (D:3)
  4 adders
  3 worms
  6 orcs
  5 endoplasms
  2 giant cockroaches
  6 goblins
  7 hobgoblins
  4 jackals (D:1)
  6 quokkas
  5 ball pythons
  5 bats
  3 frilled lizards
  5 kobolds
  2 rats (D:2)
74 creatures vanquished.

Vanquished Creatures (others)
  14 plants
14 creatures vanquished.

Grand Total: 88 creatures vanquished

Notes
Turn   | Place    | Note
-------+----------+-------------------------------------------
     0 | D:1      | fragbeetle the Gnoll Conjurer began the quest for the Orb.
     0 | D:1      | Reached XP level 1. HP: 13/13 MP: 6/6
   126 | D:1      | You fall into a shaft and drop 1 floor!
   148 | D:2      | Reached XP level 2. HP: 15/20 MP: 5/7
   496 | D:1      | Learned a level 2 spell: Searing Ray
   658 | D:1      | Reached XP level 3. HP: 25/25 MP: 6/9
   870 | D:1      | Reached skill level 5 in Spellcasting
  1106 | D:1      | Found a faded altar of an unknown god.
  1612 | D:2      | Reached skill level 1 in Invocations
  1849 | D:2      | Reached skill level 1 in Fighting
  1849 | D:2      | Reached skill level 1 in Short Blades
  1849 | D:2      | Reached skill level 1 in Long Blades
  1849 | D:2      | Reached skill level 1 in Axes
  1849 | D:2      | Reached skill level 1 in Maces & Flails
  1849 | D:2      | Reached skill level 1 in Polearms
  1849 | D:2      | Reached skill level 1 in Staves
  1849 | D:2      | Reached skill level 1 in Slings
  1849 | D:2      | Reached skill level 1 in Bows
  1849 | D:2      | Reached skill level 1 in Crossbows
  1849 | D:2      | Reached skill level 1 in Throwing
  1849 | D:2      | Reached skill level 1 in Armour
  1849 | D:2      | Reached skill level 1 in Shields
  1849 | D:2      | Reached skill level 1 in Unarmed Combat
  1849 | D:2      | Reached skill level 1 in Evocations
  2085 | D:2      | Reached XP level 4. HP: 32/32 MP: 9/11
  2461 | D:3      | Learned a level 4 spell: Fulminant Prism
  2588 | D:3      | Reached skill level 1 in Hexes
  2588 | D:3      | Reached skill level 1 in Summonings
  2588 | D:3      | Reached skill level 1 in Necromancy
  2588 | D:3      | Reached skill level 1 in Translocations
  2588 | D:3      | Reached skill level 1 in Transmutations
  2588 | D:3      | Reached skill level 1 in Fire Magic
  2588 | D:3      | Reached skill level 1 in Ice Magic
  2588 | D:3      | Reached skill level 1 in Air Magic
  2588 | D:3      | Reached skill level 1 in Earth Magic
  2588 | D:3      | Reached skill level 1 in Poison Magic
  3368 | D:4      | Noticed a lemure
  3665 | D:4      | Reached XP level 5. HP: 37/37 MP: 4/12
  3784 | D:4      | Found Xojyq's Antique Weapon Shoppe.
  3837 | D:4      | Learned a level 3 spell: Mephitic Cloud
  3841 | D:4      | Learned a level 3 spell: Ignite Poison
  3841 | D:4      | Noticed a black bear
  3853 | D:4      | Killed a black bear
  3854 | D:4      | Reached XP level 6. HP: 44/44 MP: 5/13
  3915 | D:4      | Noticed Pikel
  3928 | D:4      | Reached skill level 5 in Dodging
  4267 | D:4      | Noticed an acid dragon
  4503 | D:4      | Killed an acid dragon
  4504 | D:4      | Reached XP level 7. HP: 18/51 MP: 9/15
  4730 | D:4      | Noticed a steam dragon
  4739 | D:4      | HP: 3/76 [steam dragon/ball of steam (17)]
  4741 | D:4      | Engulfed by a steam dragon's steam

Illustrated notes

Levels and vault maps discovered:
D:1:      minmay_arrival_semitransparent, layout_loops_corners,
          dilly_ecumenical_altar_fadedgnrine, grunt_decor_arrowhead
D:2:      layout_loops_ring, serial_bayou, serial_bayou_shore_a,
          serial_bayou_crossing, serial_bayou_shore_b, serial_bayou_pond_a,
          corexii_hall_statues_x
D:3:      layout_loops_corners
D:4:      layout_rooms, serial_shops, shop_statue, grunt_decor_clamped,
          uniq_pikel

Skill      XL: |  1  2  3  4  5  6 |
---------------+-------------------+-----
Spellcasting   | 5 |  5.5
Invocations    | 1 2 |  2.5
Fighting       | 1 2 |  2.3
Short Blades   | 1 2 |  2.3
Long Blades    | 1 2 |  2.3
Axes           | 1 2 |  2.3
Maces & Flails | 1 2 |  2.3
Polearms       | 1 2 |  2.3
Staves         | 1 2 |  2.3
Slings         | 1 2 |  2.3
Bows           | 1 2 |  2.3
Crossbows      | 1 2 |  2.3
Throwing       | 1 2 |  2.3
Armour         | 1 2 |  2.3
Shields        | 1 2 |  2.3
Unarmed Combat | 1 2 |  2.3
Evocations     | 1 2 |  2.3
Hexes          | 1 |  1.9
Summonings     | 1 |  1.9
Necromancy     | 1 |  1.9
Translocations | 1 |  1.9
Transmutations | 1 |  1.9
Fire Magic     | 1 |  1.9
Ice Magic      | 1 |  1.9
Air Magic      | 1 |  1.9
Earth Magic    | 1 |  1.9
Poison Magic   | 1 |  1.9
Dodging        | 5 |  5.1
Stealth        | |  4.8
Conjurations   | |  7.4

Action                   |  1- 3 |  4- 6 |  7- 9 || total
-------------------------+-------+-------+-------++-------
Melee: Dagger            |    31 |       |       ||    31
       Bite              |     3 |     4 |       ||     7
       Punch             |     1 |       |       ||     1
       Trident           |       |    33 |     2 ||    35
 Cast: Magic Dart        |    45 |    43 |       ||    88
       Searing Ray       |     2 |    11 |     3 ||    16
       Mephitic Cloud    |       |     2 |       ||     2
  Use: Potion            |       |       |     3 ||     3
 Stab: Sleeping          |     3 |       |       ||     3
Armor: Robe              |     1 |       |       ||     1
       Leather armour    |    12 |     7 |       ||    19
       Skin              |       |       |     6 ||     6
Dodge: Dodged            |    14 |    19 |     1 ||    34
Block: Other             |     4 |    13 |     3 ||    20

Table legend: (Time is in decaauts)
 A = Elapsed time spent in this place.
 B = Non-inter-level travel time spent in this place.
 C = Inter-level travel time spent in this place.
 D = Time resting spent in this place.
 E = Time spent auto-exploring this place.
 F = Levels seen in this place.
 G = Mean time per level.
                   A        B        C        D        E       F      G
               +--------+--------+--------+--------+--------+-----+--------+
         Total |   4774 |   4522 |    252 |    856 |   2965 |   4 | 1193.5 |
       Dungeon |   4774 |   4522 |    252 |    856 |   2965 |   4 | 1193.5 |
               +--------+--------+--------+--------+--------+-----+--------+

Top non-repeatable levels by time:
     D:3: 1347 daAuts
     D:2: 1160 daAuts
     D:4: 1158 daAuts
     D:1: 1108 daAuts
